[Event "Titled Tuesday Blitz January 10 Early 2023"]
[White "Mihajlov, Sebastian"]
[Black "Leschinsky, Gary"]
[WhiteFideId "1512110"]
[BlackFideId "30951321"]
[WhiteElo "2464"]
[BlackElo "1855"]
[Result "1-0"]
[Round "04"]
[TimeControl "180+1"]
[Date "2023.01.10"]
[WhiteClock "0:00:08"]
[BlackClock "0:00:20"]

1. e4 c5 2. Be2 a6 3. d3 e6 4. f4 d5 5. e5 Ne7 6. Nf3 h5 7. Be3 Nf5 8. Bf2 Nc6 9. c3 Be7 10. g3 Nh6 11. h3 Nf5 12. Nbd2 b5 13. h4 Bb7 14. Ng5 g6 15. Bf3 Qd7 16. a4 d4 17. Nde4 b4 18. O-O bxc3 19. bxc3 dxc3 20. Rc1 Ncd4 21. Rxc3 O-O 22. Bxh5 Rfd8 23. Bg4 Nh6 24. Bh3 Bc6 25. a5 Rab8 26. Bg2 Rb2 27. Rc4 Ne2+ 28. Kh1 Ng4 29. Bf3 Nxf2+ 30. Rxf2 Bxg5 31. Rxe2 Rxe2 32. Qxe2 Be7 33. Nxc5 Bxc5 34. Rxc5 Bxf3+ 35. Qxf3 Qxd3 36. Qxd3 Rxd3 37. Kg2 Ra3 38. Kh3 Ra2 39. Kg4 Kg7 40. Kf3 Ra3+ 41. Ke4 Rxg3 42. Rc6 Rg4 43. Rxa6 Rxh4 44. Kf3 Rh3+ 45. Kg4 Ra3 46. Ra8 Ra4 47. a6 Ra3 48. Kh4 Ra4 49. Kg3 Ra3+ 50. Kf2 Ra4 51. Ke3 Kh7 52. Kd3 Rxf4 53. Kc3 Ra4 54. Kb3 Ra1 55. Kb2 Ra5 56. Kb3 Rxe5 57. Kb4 Re4+ 58. Kb5 Re1 59. a7 Ra1 60. Kb6 Rb1+ 61. Kc6 Ra1 62. Kb6 g5 63. Rf8 Kg7 64. a8=Q Rxa8 65. Rxa8 g4 66. Kc5 Kf6 67. Kd4 Kf5 68. Ke3 f6 69. Rg8 e5 70. Rg7 Ke6 71. Rxg4 f5 72. Ra4 Kd5 73. Ra5+ Ke6 74. Kf3 Kf6 75. Ra6+ Kg5 76. Re6 e4+ 77. Ke3 Kg4 78. Rg6+ Kh5 79. Rg1 Kh4 80. Kf4 Kh3 81. Kxf5 Kh2 82. Re1 e3 83. Rxe3 Kg2 84. Kf4 Kf2 85. Re8 Kg2 86. Re2+ Kf1 87. Kf3 Kg1 88. Rf2 Kh1 89. Kg3 Kg1 90. Rf3 1-0


[Site "https://www.chess.com"]

[Event "Titled Tuesday Blitz January 10 Early 2023"]
[White "Rodriguez Fontecha, Marcos"]
[Black "Jiganchine, Roman"]
[WhiteFideId "2256576"]
[BlackFideId "2603667"]
[WhiteElo "2263"]
[BlackElo "2371"]
[Result "0-1"]
[Round "04"]
[TimeControl "180+1"]
[Date "2023.01.10"]
[WhiteClock "0:00:04"]
[BlackClock "0:00:03"]

1. Nf3 d5 2. g3 Nf6 3. Bg2 Bf5 4. O-O c6 5. c4 e6 6. Qb3 Qb6 7. d3 Nbd7 8. Be3 Bc5 9. d4 Be7 10. c5 Qxb3 11. axb3 O-O 12. b4 b6 13. Nbd2 Ne4 14. Bf4 h6 15. Rfc1 Rfc8 16. cxb6 axb6 17. Rxa8 Rxa8 18. Rxc6 Bxb4 19. Nxe4 Bxe4 20. Rc1 Ra2 21. b3 Rxe2 22. Rc7 Nf6 23. Rb7 Rb2 24. h3 Rb1+ 25. Kh2 Ba5 26. Ne5 Bxg2 27. Kxg2 Rxb3 28. Nxf7 Ne4 29. Nd8 Rb2 30. Be3 Be1 31. Nxe6 Bxf2 32. Rxg7+ Kh8 33. Bxf2 Rxf2+ 34. Kg1 Rd2 35. Rb7 Rd1+ 36. Kg2 Rd2+ 37. Kf3 Rf2+ 38. Ke3 Rg2 39. Rb8+ Kh7 40. g4 Rg3+ 41. Kf4 Rxh3 42. Rb7+ Kh8 43. Kf5 Rg3 44. Nf4 Nd6+ 45. Ke5 Nxb7 46. Nxd5 Rxg4 47. Nf6 Rg1 48. Ke6 Kg7 49. Ne8+ Kg6 50. Nc7 Na5 51. d5 Nc4 52. Nb5 Re1+ 53. Kd7 Rd1 54. Kc6 Rd2 55. Nc3 Rd3 56. Ne4 Ne5+ 57. Kxb6 Rxd5 58. Ng3 Rd1 0-1


[Site "https://www.chess.com"]

[Event "Titled Tuesday Blitz January 10 Early 2023"]
[White "Mica, Marek"]
[Black "Ruge, Edison"]
[WhiteFideId "382884"]
[BlackFideId "4401000"]
[WhiteElo "2224"]
[BlackElo "2175"]
[Result "1-0"]
[Round "04"]
[TimeControl "180+1"]
[Date "2023.01.10"]
[WhiteClock "0:00:10"]
[BlackClock "0:00:01"]

1. d4 Nf6 2. c4 g6 3. Nc3 Bg7 4. e4 d6 5. h3 c6 6. Be3 a6 7. a4 h5 8. Nf3 a5 9. Nd2 Na6 10. Be2 Nb4 11. Na2 Nxa2 12. Rxa2 Qc7 13. Qb3 Nd7 14. f4 e5 15. fxe5 dxe5 16. d5 O-O 17. O-O c5 18. Raa1 Qd6 19. Rae1 Ra6 20. Nb1 Rb6 21. Qc2 Rb4 22. Nc3 Nb6 23. Nb5 Rxb5 24. cxb5 Nd7 25. b6 Re8 26. Bb5 Bf8 27. Bg5 Qxb6 28. Qd2 c4+ 29. Kh1 f6 30. Be3 Qd6 31. Qxa5 Re7 32. Qc3 Nc5 33. Qxc4 b6 34. a5 Rc7 35. axb6 Qxb6 36. Bc6 Ba6 37. Qc3 Bxf1 38. Rxf1 Rxc6 39. dxc6 Qxc6 40. Qc4+ Kg7 41. b4 Qxe4 42. Qc3 Ne6 43. b5 Bb4 44. Qb3 Nd4 45. Qxb4 Qxe3 46. Qe7+ Kh6 47. Qxf6 Nf5 48. Qf8+ Kg5 49. Qd8+ Kh6 50. Qd1 Ng3+ 51. Kh2 Nxf1+ 52. Qxf1 Qc5 53. Qe2 h4 54. Qd2+ g5 55. Qd3 1-0


[Site "https://www.chess.com"]

[Event "Titled Tuesday Blitz January 10 Early 2023"]
[White "Le, Tuan Minh"]
[Black "Guliev, Logman"]
[WhiteFideId "12401153"]
[BlackFideId "13400061"]
[WhiteElo "2558"]
[BlackElo "2161"]
[Result "1-0"]
[Round "04"]
[TimeControl "180+1"]
[Date "2023.01.10"]
[WhiteClock "0:00:15"]
[BlackClock "0:00:06"]

1. d4 Nf6 2. Nf3 g6 3. Bg5 Bg7 4. Nbd2 d5 5. c3 O-O 6. e3 Nbd7 7. Bd3 Qe8 8. O-O e5 9. Bxf6 Bxf6 10. e4 exd4 11. cxd4 dxe4 12. Nxe4 Bg7 13. Re1 Qd8 14. Bc4 Nb6 15. Bb3 Bg4 16. h3 Bxf3 17. Qxf3 Qxd4 18. Re2 Rae8 19. Rae1 Re5 20. a3 Rf5 21. Qg3 Qe5 22. Qd3 Qd4 23. Qc2 c6 24. Rd1 Qe5 25. Nd6 Qf6 26. Nxf5 gxf5 27. Rd3 f4 28. Qc5 Qg6 29. Rf3 Rd8 30. Rxf4 Nd5 31. Bxd5 cxd5 32. Rg4 Qb1+ 33. Kh2 Kh8 34. Qxd5 Rg8 35. Qxf7 Qd3 36. Re8 Qd6+ 37. g3 1-0


[Site "https://www.chess.com"]

[Event "Titled Tuesday Blitz January 10 Early 2023"]
[White "Kozak, Adam"]
[Black "Degenbaev, Aziz"]
[WhiteFideId "753246"]
[BlackFideId "13802640"]
[WhiteElo "2469"]
[BlackElo "2152"]
[Result "1/2-1/2"]
[Round "04"]
[TimeControl "180+1"]
[Date "2023.01.10"]
[WhiteClock "0:00:05"]
[BlackClock "0:00:08"]

1. d4 Nf6 2. c4 g6 3. Nc3 Bg7 4. e4 d6 5. Nf3 O-O 6. Be2 e5 7. O-O Nc6 8. Be3 Ng4 9. Bg5 f6 10. Bh4 g5 11. Bg3 Nh6 12. dxe5 fxe5 13. Nd5 Nf7 14. Rc1 b6 15. b4 Nd4 16. Nxd4 exd4 17. c5 c6 18. Bc4 Bb7 19. Qb3 cxd5 20. exd5 Ne5 21. Rfe1 h5 22. c6 Bc8 23. c7 Qxc7 24. Bxe5 Qf7 25. Bxd6 Qxf2+ 26. Kh1 Rd8 27. Be7 Re8 28. d6+ Kh8 29. Bd5 Rb8 30. Rf1 Qd2 31. Rxc8 Rbxc8 32. Qh3 Qe2 33. Qf3 Qxf3 34. gxf3 Rxe7 35. dxe7 Re8 36. Re1 Bf6 37. Re6 Kg7 38. Rd6 Rxe7 39. Be4 Rc7 40. Bc6 Re7 41. Be4 Rc7 42. a4 h4 43. Kg2 Be5 44. Rd5 Bf6 45. Kh3 Rc4 46. a5 Rxb4 47. a6 Ra4 48. Rd7+ Kf8 49. Rxa7 Ra3 50. Kg4 d3 51. Bxd3 Rxd3 52. Rb7 Ra3 53. a7 Bd8 54. Rb8 Rxa7 55. Rxd8+ Ke7 56. Rb8 Ra5 57. Rxb6 Kf7 58. Rc6 Kg7 59. h3 Kf7 60. Rd6 Ke7 61. Rg6 Kf7 62. Rxg5 Ra4+ 63. f4 Ra1 64. Kxh4 Kf6 65. Rb5 Rf1 66. Kg3 Rg1+ 67. Kf3 Rf1+ 68. Kg2 Rxf4 69. Kg3 Rc4 70. h4 Rc3+ 71. Kg4 Rc4+ 72. Kh5 Rc8 73. Rb7 Rh8+ 74. Kg4 Rg8+ 75. Kf4 Ra8 76. Rb4 Ra5 77. Kg4 Kg6 78. Rd4 Kh6 79. Rd6+ Kg7 80. Re6 Ra4+ 81. Kg5 Ra5+ 82. Kg4 Ra4+ 83. Kf3 Ra3+ 84. Kg2 Ra4 85. Kh3 Ra3+ 86. Kg4 Ra4+ 1/2-1/2


[Site "https://www.chess.com"]

[Event "Titled Tuesday Blitz January 10 Early 2023"]
[White "Yuan, Qingyu"]
[Black "Papayan, Oleg"]
[WhiteFideId "8609772"]
[BlackFideId "4193911"]
[WhiteElo "2359"]
[BlackElo "2153"]
[Result "1-0"]
[Round "04"]
[TimeControl "180+1"]
[Date "2023.01.10"]
[WhiteClock "0:00:12"]
[BlackClock "0:00:06"]

1. d4 Nf6 2. Nf3 g6 3. Bf4 Bg7 4. e3 O-O 5. h3 d5 6. c4 c5 7. Nc3 cxd4 8. Nxd4 Nc6 9. Be2 Re8 10. O-O e5 11. Nxc6 bxc6 12. Bg5 d4 13. Ne4 Bf5 14. Nxf6+ Bxf6 15. Bxf6 Qxf6 16. exd4 exd4 17. Bd3 c5 18. Qf3 Rab8 19. g4 Qg5 20. Bxf5 gxf5 21. b3 fxg4 22. Qxg4 Qxg4+ 23. hxg4 Re4 24. f3 Re2 25. Rfe1 Rbe8 26. Kf1 R2e3 27. Kf2 Kg7 28. Rxe3 Rxe3 29. Rh1 Rc3 30. Rh5 Rc2+ 31. Kg3 Rxa2 32. Rxc5 Rb2 33. Rd5 Rxb3 34. Rxd4 a5 35. Rd7 a4 36. Ra7 a3 37. c5 Kf6 38. c6 Rc3 39. Kf4 Rxc6 40. Rxa3 Rc4+ 41. Kg3 Kg7 42. Ra5 Rd4 43. Rf5 Kg6 44. Kh4 Ra4 45. Rg5+ Kf6 46. Rf5+ Kg6 47. Kg3 f6 48. Rb5 Rd4 49. Rb6 Ra4 50. Rb5 Rc4 51. Ra5 Rb4 52. Ra6 Rb5 53. f4 Kg7 54. Kh4 Rb4 55. Ra7+ Kg8 56. f5 Rb1 57. Re7 Rg1 58. Rd7 Kh8 59. Rf7 Kg8 60. Rxf6 Kg7 61. Ra6 Rg2 62. Kg5 h6+ 63. Kf4 Rf2+ 64. Kg3 Rf1 65. Ra7+ Kf6 66. Rh7 Rh1 67. Kf4 Rf1+ 68. Kg3 Rh1 69. Rb7 Kg5 70. Rg7+ Kf6 71. Rg6+ Ke5 72. Re6+ Kd5 73. Kg2 Rh4 74. Kf3 Rh1 75. Re2 Rg1 76. Rh2 Rf1+ 77. Kg2 Rf4 78. Kg3 Rf1 79. Rxh6 Ke5 80. Re6+ Kd5 81. Kh4 Ra1 82. Kg5 Ra8 83. Re2 Rg8+ 84. Kf4 Kd4 85. Rd2+ Kc3 86. Rd1 Kc2 87. Rd7 Kc3 88. Rd6 Kc4 89. g5 Kc5 90. Rd1 Kc6 91. f6 Kc7 92. Kf5 1-0


[Site "https://www.chess.com"]

[Event "Titled Tuesday Blitz January 10 Early 2023"]
[White "Bobkov, Vadim"]
[Black "Kazancev, Valerij M"]
[WhiteFideId "34110876"]
[BlackFideId "4179609"]
[WhiteElo "2209"]
[BlackElo "2413"]
[Result "0-1"]
[Round "04"]
[TimeControl "180+1"]
[Date "2023.01.10"]
[WhiteClock "0:00:01"]
[BlackClock "0:00:15"]

1. d4 e6 2. c4 g6 3. Nc3 Bg7 4. Nf3 Ne7 5. Bg5 h6 6. Bh4 a6 7. e3 d6 8. Be2 g5 9. Bg3 Nf5 10. Nd2 O-O 11. Qc2 Nc6 12. a3 Bd7 13. O-O Nxg3 14. fxg3 f5 15. Bh5 Be8 16. Bf3 Rc8 17. Rad1 Qe7 18. b4 Bg6 19. Qb3 Nd8 20. c5 d5 21. b5 axb5 22. Nxb5 c6 23. Nd6 Rc7 24. a4 e5 25. Qb4 Ne6 26. Nb3 Rd7 27. Rfe1 h5 28. a5 e4 29. Be2 f4 30. gxf4 gxf4 31. exf4 Nxf4 32. Bf1 Qg5 33. Kh1 h4 34. a6 bxa6 35. Qb6 e3 36. Rxe3 Nxg2 37. Qxc6 Nxe3 38. Qxd7 Nxd1 0-1


[Site "https://www.chess.com"]

[Event "Titled Tuesday Blitz January 10 Early 2023"]
[White "Sai Krishna G V"]
[Black "Salman, Pavel"]
[WhiteFideId "5028280"]
[BlackFideId "24153753"]
[WhiteElo "2359"]
[BlackElo "2187"]
[Result "1-0"]
[Round "04"]
[TimeControl "180+1"]
[Date "2023.01.10"]
[WhiteClock "0:00:25"]
[BlackClock "0:00:09"]

1. e4 c5 2. Nf3 e6 3. d4 cxd4 4. Nxd4 a6 5. Bd3 Bc5 6. Nb3 Ba7 7. Qg4 Nf6 8. Qg3 O-O 9. Nc3 Nc6 10. Bh6 Ne8 11. e5 Kh8 12. Bf4 f5 13. O-O-O b5 14. h4 Nb4 15. Be2 Qe7 16. h5 Bb7 17. h6 g6 18. Bg5 Qf7 19. Na5 Be4 20. f3 Bd5 21. a3 Nc6 22. Nb7 f4 23. Qh4 Be3+ 24. Kb1 Nxe5 25. Nxd5 exd5 26. Be7 Rc8 27. Bxf8 Qxf8 28. Rxd5 d6 29. Rhd1 Nf7 30. Qg4 Rc7 31. Na5 Nf6 32. Qe6 Nxd5 33. Rxd5 Qe7 34. Qh3 Ne5 35. Bd3 Qd7 36. Qh4 Qe7 37. Qxe7 Rxe7 38. Rxd6 Re8 39. Rxa6 Nf7 40. Bxb5 Rd8 41. Nc6 Rd1+ 42. Ka2 Nxh6 43. a4 Kg7 44. a5 Nf5 45. Ra8 Nd6 46. Rd8 Rd2 47. Bd3 Nb7 48. Rd7+ Kf6 49. Rxb7 h5 50. a6 Rxg2 51. a7 Bxa7 52. Rxa7 h4 53. Rh7 g5 54. b4 Ke6 55. b5 Kd6 56. Kb3 g4 57. Rxh4 gxf3 58. Rxf4 f2 59. Kb4 Kc7 60. c4 Kd6 61. c5+ Kc7 62. Rf7+ Kc8 63. Bf5# 1-0


[Site "https://www.chess.com"]

[Event "Titled Tuesday Blitz January 10 Early 2023"]
[White "Flynn, Jacob"]
[Black "Fromm, Marius"]
[WhiteFideId "2509393"]
[BlackFideId "12993190"]
[WhiteElo "2053"]
[BlackElo "2325"]
[Result "0-1"]
[Round "04"]
[TimeControl "180+1"]
[Date "2023.01.10"]
[WhiteClock "0:00:04"]
[BlackClock "0:00:23"]

1. d4 d5 2. c4 dxc4 3. e3 Nf6 4. Bxc4 e6 5. Nf3 c5 6. O-O a6 7. Nbd2 cxd4 8. Nxd4 Bc5 9. N4f3 O-O 10. a3 b5 11. Be2 Bb7 12. b4 Be7 13. Bb2 Nbd7 14. Rc1 Rc8 15. Nd4 Qb6 16. Bf3 Rxc1 17. Qxc1 Rc8 18. Qb1 Bxf3 19. N2xf3 Qb7 20. Ne2 Nb6 21. Rc1 Nc4 22. Ne5 Nxb2 23. Rxc8+ Qxc8 24. Qxb2 Nd5 25. Nd3 Qc4 26. Ndc1 Bf6 27. Qd2 g6 28. g3 h5 29. Qd3 Bb2 30. Qxc4 bxc4 31. e4 Nb6 32. Na2 Bxa3 33. Nec3 Kg7 34. f4 Kf6 35. Kf2 e5 36. b5 a5 37. Nd5+ Nxd5 38. exd5 exf4 39. gxf4 Bc5+ 40. Kf3 a4 41. Nc3 a3 42. Ke4 Ke7 43. f5 g5 44. h3 Kd6 45. b6 g4 46. hxg4 hxg4 47. Kf4 Bxb6 48. Nb5+ Kxd5 49. Nxa3 Bc5 50. Nb5 Bd4 51. Kxg4 c3 52. Na3 Ke4 53. Nc2 Kd3 54. Nb4+ Kd2 55. Kf4 c2 56. Na2 c1=Q 57. Nxc1 Kxc1 58. Ke4 Bb2 59. Kd5 f6 60. Ke4 Be5 0-1


[Site "https://www.chess.com"]

[Event "Titled Tuesday Blitz January 10 Early 2023"]
[White "Leiva, Gianmarco"]
[Black "Shubenkova, Veronika"]
[WhiteFideId "3804399"]
[BlackFideId "44124040"]
[WhiteElo "2315"]
[BlackElo "2027"]
[Result "0-1"]
[Round "04"]
[TimeControl "180+1"]
[Date "2023.01.10"]
[WhiteClock "0:00:18"]
[BlackClock "0:00:08"]

1. e4 c6 2. d4 d5 3. exd5 cxd5 4. c3 Nc6 5. Bd3 Nf6 6. Nf3 Bg4 7. O-O e6 8. Nbd2 Bd6 9. h3 Bh5 10. Re1 Qc7 11. Qe2 O-O 12. Nf1 a6 13. Bg5 Be7 14. Ng3 Bg6 15. Bxg6 hxg6 16. h4 Nh7 17. Qe3 Rae8 18. Ne2 Bd6 19. Bf4 Na5 20. Bxd6 Qxd6 21. Ne5 Nc6 22. Nd3 Nf6 23. Nef4 Ne4 24. f3 Ng3 25. Qf2 Nf5 26. g4 Nh6 27. Re2 e5 28. Rae1 e4 29. fxe4 dxe4 30. Rxe4 Nxg4 31. Qg2 Rxe4 32. Rxe4 Nf6 33. Re1 Ne7 34. Ne5 Nf5 35. h5 gxh5 36. Qxb7 Nxd4 37. Qb4 Qxb4 38. cxb4 Re8 39. Nfd3 Nd5 40. Kf2 f6 41. Nf3 Rxe1 42. Nfxe1 Nc6 43. a3 g6 44. Nc5 Nb8 45. Nc2 Kf7 46. Nd4 Nb6 47. b3 Nd5 48. Nd3 Nd7 49. a4 Ne5 50. Nxe5+ fxe5 51. b5 exd4 52. bxa6 Ke7 53. b4 Kd7 54. a7 Nc7 55. b5 Na8 56. a5 Kc7 57. Kf3 g5 58. Ke4 Kb7 59. b6 h4 60. Kxd4 h3 61. Kc5 h2 62. Kb5 h1=Q 63. a6+ Kc8 64. b7+ Qxb7+ 65. axb7+ Kxb7 66. Kc5 Nc7 67. Kd4 Kxa7 68. Ke5 Kb6 69. Kf5 Ne6 70. Kg4 Kc5 71. Kf5 Kd5 72. Kg4 Ke5 73. Kh5 Kf4 74. Kg6 g4 75. Kf6 g3 76. Kxe6 g2 77. Kd5 g1=Q 78. Ke6 Qe3+ 79. Kf7 Qe5 80. Kg8 Qf6 81. Kh7 Qg5 82. Kh8 Kf5 83. Kh7 Kf6 84. Kh8 Qg7# 0-1


[Site "https://www.chess.com"]

[Event "Titled Tuesday Blitz January 10 Early 2023"]
[White "Tica, Sven"]
[Black "Karabalis, Harilos"]
[WhiteFideId "14526948"]
[BlackFideId "4621808"]
[WhiteElo "2348"]
[BlackElo "2168"]
[Result "1-0"]
[Round "04"]
[TimeControl "180+1"]
[Date "2023.01.10"]
[WhiteClock "0:00:18"]
[BlackClock "0:00:09"]

1. e4 Nf6 2. e5 Nd5 3. d4 Nb6 4. c4 d6 5. f4 dxe5 6. fxe5 Bf5 7. Nc3 e6 8. Nf3 Bb4 9. Bd3 Bg4 10. O-O c5 11. Ne4 cxd4 12. c5 Nd5 13. Nd6+ Kf8 14. Ng5 Bxd1 15. Nxe6+ Kg8 16. Rxf7 Qe7 17. Rxe7 Nxe7 18. Bg5 Nbc6 19. Rxd1 Ng6 20. Bc4 Ngxe5 21. Bd5 h6 22. Bf4 Kh7 23. a3 Ba5 24. Nxb7 Bc7 25. Nxc7 Raf8 26. Ne6 Rf6 27. Nd6 d3 28. b4 a6 29. Bg3 Rb8 30. Nf4 Rbf8 31. Be4+ g6 32. Nxd3 Nxd3 33. Bxd3 Nd4 34. h3 h5 35. Bh4 Re6 36. Bxg6+ Rxg6 37. Rxd4 Rfg8 38. Rd2 Re6 39. Kh2 Rgg6 40. Bg3 Rg7 41. Bf4 Re4 42. Nxe4 a5 43. c6 axb4 44. axb4 h4 45. c7 Rg8 46. Nf6+ Kg6 47. Nxg8 Kf5 48. c8=Q+ 1-0


[Site "https://www.chess.com"]

[Event "Titled Tuesday Blitz January 10 Early 2023"]
[White "Spata, German"]
[Black "Langner, Ladislav"]
[WhiteFideId "113026"]
[BlackFideId "300403"]
[WhiteElo "2238"]
[BlackElo "2346"]
[Result "1-0"]
[Round "04"]
[TimeControl "180+1"]
[Date "2023.01.10"]
[WhiteClock "0:00:11"]
[BlackClock "0:00:14"]

1. Nf3 Nf6 2. b3 g6 3. Bb2 Bg7 4. g3 d5 5. c4 dxc4 6. bxc4 c5 7. Bg2 Nc6 8. O-O O-O 9. d3 Qc7 10. Nc3 b6 11. Nd5 Qd6 12. Nxf6+ Bxf6 13. Bxf6 Qxf6 14. Ne5 Qxe5 15. Bxc6 Rb8 16. a4 Bb7 17. Bxb7 Rxb7 18. Rb1 Rd7 19. a5 Rd6 20. Qc2 Rfd8 21. Rb5 Re6 22. Rb2 h5 23. Rfb1 Rdd6 24. axb6 axb6 25. h4 g5 26. hxg5 Qxg5 27. Qc1 Qg4 28. Qf4 Qxf4 29. gxf4 Rf6 30. f3 Rde6 31. Kf2 Kf8 32. f5 Rxf5 33. Rxb6 Rxb6 34. Rxb6 Kg7 35. Rc6 h4 36. Kg2 e6 37. Kh3 Rh5 38. Ra6 Kf6 39. Ra5 Ke7 40. d4 Kd6 41. e4 f6 42. Ra6+ Kd7 43. d5 exd5 44. cxd5 f5 45. e5 f4 46. e6+ Ke7 47. Ra7+ Kf6 48. e7 Kf7 49. d6 Rd5 50. Ra8 Re5 51. Rf8+ Kg7 52. e8=Q Rxe8 53. Rxe8 c4 54. d7 c3 55. d8=Q c2 56. Qg5+ Kf7 57. Re7+ Kf8 58. Qg7# 1-0


[Site "https://www.chess.com"]

[Event "Titled Tuesday Blitz January 10 Early 2023"]
[White "Nikologorsky, Matfei"]
[Black "Pajeken, Jakob Leon"]
[WhiteFideId "24102474"]
[BlackFideId "12942839"]
[WhiteElo "2153"]
[BlackElo "2414"]
[Result "0-1"]
[Round "04"]
[TimeControl "180+1"]
[Date "2023.01.10"]
[WhiteClock "0:00:05"]
[BlackClock "0:00:11"]

1. e4 e5 2. Nf3 Nc6 3. Bb5 a6 4. Ba4 Be7 5. O-O Nf6 6. d3 b5 7. Bb3 d6 8. c3 O-O 9. Nbd2 Na5 10. Bc2 c5 11. Re1 Nc6 12. Nf1 Re8 13. a4 Be6 14. Ng3 g6 15. d4 cxd4 16. cxd4 Bg4 17. Be3 Rc8 18. Bb3 Na5 19. Ba2 Nc4 20. Bxc4 bxc4 21. dxe5 dxe5 22. Qxd8 Bxd8 23. Rac1 h5 24. h3 Bxf3 25. gxf3 Nh7 26. Ne2 Ba5 27. Nc3 Nf8 28. Red1 f6 29. Nd5 Kf7 30. Bb6 Bxb6 31. Nxb6 Rc6 32. Nxc4 Rec8 33. b3 Ne6 34. Rc3 Nf4 35. Kh2 Ke6 36. Re3 g5 37. a5 Rh8 38. Rd2 g4 39. hxg4 hxg4+ 40. Kg1 gxf3 41. Rxf3 Rcc8 42. Rg3 Rh7 43. Rd6+ Ke7 44. Rxa6 Ne2+ 45. Kg2 Nf4+ 46. Kf3 Rh1 47. Rg7+ Kf8 48. Raa7 Rd1 49. Kg4 Rg1+ 50. Kf5 Rxg7 51. Ra6 Rf7 52. Rxf6 Rxf6+ 53. Kxf6 Nd3 54. f3 Rc6+ 55. Kf5 Ke7 56. Nb6 Nc5 57. Nd5+ Kd6 58. b4 Nd3 59. b5 Rc1 60. b6 Rb1 61. a6 Nc5 62. a7 Ra1 63. f4 exf4 64. Kxf4 Kc6 65. Kf5 Nd7 66. Ke6 Nxb6 67. Ne7+ Kc7 68. Nf5 Rxa7 69. e5 Ra6 70. Kf7 Nc4 71. e6 Nd6+ 72. Kf6 Nxf5 73. Kxf5 Kd6 74. Kf6 Ra7 75. Kf5 Re7 76. Kf6 Rxe6+ 77. Kf5 Ke7 0-1


[Site "https://www.chess.com"]

[Event "Titled Tuesday Blitz January 10 Early 2023"]
[White "Karttunen, Mika"]
[Black "Mogirzan, Matei-Valeriu"]
[WhiteFideId "502081"]
[BlackFideId "1257455"]
[WhiteElo "2396"]
[BlackElo "1733"]
[Result "0-1"]
[Round "04"]
[TimeControl "180+1"]
[Date "2023.01.10"]
[WhiteClock "0:00:08"]
[BlackClock "0:00:05"]

1. d4 Nf6 2. c4 g6 3. Nc3 d5 4. cxd5 Nxd5 5. e4 Nxc3 6. bxc3 Bg7 7. Be3 c5 8. Qd2 cxd4 9. cxd4 Nc6 10. Rd1 O-O 11. d5 Ne5 12. h3 Qc7 13. Bd4 e6 14. Rc1 Qb8 15. f4 Nd7 16. Bxg7 Kxg7 17. dxe6 fxe6 18. e5 Nb6 19. h4 Nd5 20. Nh3 b5 21. h5 g5 22. h6+ Kh8 23. Nxg5 Rxf4 24. Nf3 Re4+ 25. Be2 Bb7 26. Kf2 Nf4 27. Bf1 Qd8 28. Qxd8+ Rxd8 29. Rc7 Bd5 30. Rxa7 Rb4 31. Ng5 Rb2+ 32. Kg3 Ng6 33. Nf7+ Kg8 34. Nxd8 Kf8 35. Bd3 Rd2 36. Bxg6 Rxg2+ 37. Kh3 Rxg6 38. Rf1+ Ke8 39. Nf7 Bg2+ 40. Kh4 Bxf1 41. Nd6+ Kd8 42. Rxh7 Bd3 43. Rh8+ Kd7 44. Rh7+ Kc6 45. Rh8 Kd5 46. a3 Kxe5 47. Nf7+ Kf4 48. Rf8 Rg4+ 49. Kh3 Bf1+ 50. Kh2 Rg2+ 51. Kh1 Kf3 52. Ne5+ Ke2 53. Rxf1 Kxf1 54. h7 Rg1+ 55. Kh2 Rg2+ 56. Kh3 Rg1 57. Ng4 Rh1+ 58. Nh2+ Kg1 59. Kg3 Rxh2 0-1


[Site "https://www.chess.com"]

[Event "Titled Tuesday Blitz January 10 Early 2023"]
[White "Sargissyan, Sargis"]
[Black "Pak, Yevgeniy"]
[WhiteFideId "13303210"]
[BlackFideId "14201712"]
[WhiteElo "2109"]
[BlackElo "2368"]
[Result "0-1"]
[Round "04"]
[TimeControl "180+1"]
[Date "2023.01.10"]
[WhiteClock "0:00:02"]
[BlackClock "0:00:21"]

1. e4 c5 2. Nf3 Nc6 3. d4 cxd4 4. Nxd4 Nf6 5. Nc3 e5 6. Ndb5 d6 7. Bg5 a6 8. Na3 b5 9. Nd5 Be7 10. Bxf6 Bxf6 11. c3 Rb8 12. Nc2 Bg5 13. g3 O-O 14. h4 Bh6 15. Bg2 a5 16. O-O Be6 17. f4 f6 18. Nce3 Ne7 19. Kh2 Qd7 20. Nxe7+ Qxe7 21. Nd5 Qb7 22. Bh3 Bxd5 23. exd5 exf4 24. Be6+ Kh8 25. gxf4 f5 26. Qd3 Qe7 27. Kh3 Rf6 28. Rae1 Rbf8 29. Qxb5 Qc7 30. Qd7 Qb6 31. b3 Qc5 32. Rf3 Rg6 33. Qe7 Rgf6 34. h5 a4 35. b4 Qc4 36. Qxd6 Qxa2 37. Qe5 a3 38. d6 Qd2 39. Rff1 a2 40. d7 Qd3+ 41. Kh2 Qa6 42. Rd1 a1=Q 43. Rxa1 Qxe6 44. Qxe6 Rxe6 45. Rfd1 Bxf4+ 46. Kh3 Rd8 47. Ra8 Re3+ 48. Kg2 Bg5 49. Rxd8+ Bxd8 50. c4 Kg8 51. c5 Kf7 52. b5 Rc3 53. c6 Rb3 54. Re1 Rb2+ 55. Kf3 Rb3+ 56. Kf4 Rxb5 57. Re8 Bc7+ 58. Ke3 Rd5 59. Rc8 Bb6+ 60. Kf3 g5 61. hxg6+ hxg6 62. Rb8 Ba5 63. Ra8 Ke7 64. Rxa5 Rxa5 0-1


[Site "https://www.chess.com"]

[Event "Titled Tuesday Blitz January 10 Early 2023"]
[White "Fayzullaev, Akmal"]
[Black "Chos, Alexey"]
[WhiteFideId "14200554"]
[BlackFideId "14117762"]
[WhiteElo "2301"]
[BlackElo "2234"]
[Result "1-0"]
[Round "04"]
[TimeControl "180+1"]
[Date "2023.01.10"]
[WhiteClock "0:00:18"]
[BlackClock "0:00:01"]

1. e4 c5 2. Nf3 d6 3. Nc3 Nc6 4. d4 cxd4 5. Nxd4 Nf6 6. Bc4 e6 7. a3 a6 8. Ba2 Be7 9. O-O O-O 10. Kh1 Bd7 11. f4 Rc8 12. f5 Nxd4 13. Qxd4 e5 14. Qd3 Bc6 15. Bg5 Qb6 16. Bxf6 Bxf6 17. Rab1 Rfd8 18. Nd5 Bxd5 19. Bxd5 Qc7 20. c3 b5 21. g3 Qc5 22. h4 a5 23. Kh2 b4 24. axb4 axb4 25. c4 Qd4 26. Qf3 Rc7 27. Kh3 Ra7 28. g4 h6 29. Rg1 Qd2 30. Rg2 Qf4 31. Qd3 Bxh4 32. Kxh4 h5 33. Rf1 Qh6 34. g5 Qh8 35. g6 Qh6 36. Bxf7+ Kf8 37. c5 Ke7 38. Qd5 Qe3 39. Qe6+ Kf8 40. f6 Qxe4+ 41. Kh3 Qe3+ 42. Kh2 Qg5 43. fxg7+ Kxg7 44. Rxg5 1-0


[Site "https://www.chess.com"]

[Event "Titled Tuesday Blitz January 10 Early 2023"]
[White "Tania, Sachdev"]
[Black "Mohammed, Dilshad"]
[WhiteFideId "5007844"]
[BlackFideId "5050421"]
[WhiteElo "2319"]
[BlackElo "2102"]
[Result "0-1"]
[Round "04"]
[TimeControl "180+1"]
[Date "2023.01.10"]
[WhiteClock "0:00:02"]
[BlackClock "0:00:14"]

1. d4 d5 2. c4 e6 3. Nf3 Nf6 4. Nc3 Nbd7 5. cxd5 exd5 6. Bf4 c6 7. h3 Ne4 8. e3 Bb4 9. Qc2 Qa5 10. Rc1 Qxa2 11. Bd3 Bxc3+ 12. bxc3 Qxc2 13. Rxc2 Ndf6 14. O-O O-O 15. Rb1 h6 16. c4 dxc4 17. Rxc4 Re8 18. Be5 a5 19. Rc2 a4 20. Ne1 a3 21. h4 a2 22. Ra1 Be6 23. f3 Nd5 24. fxe4 Nxe3 25. Rb2 b5 26. d5 cxd5 27. Bxb5 Rec8 28. Rbxa2 Rxa2 29. Rxa2 dxe4 30. Re2 Ng4 31. Bd4 f5 32. Rc2 Rd8 33. Bc4 Kf7 34. Bxe6+ Kxe6 35. Bxg7 Rd1 36. Re2 h5 37. Bc3 e3 38. g3 Kd5 39. Kg2 Ke4 40. Ra2 Kd5 41. Nf3 Kc4 42. Ba5 Kb3 43. Re2 Kc4 44. Rb2 Ra1 45. Bc7 Kc3 46. Rb8 Ra2+ 47. Kg1 Ra1+ 48. Kg2 Ra2+ 49. Kg1 Kd3 50. Rd8+ Ke2 51. Nd4+ Kd3 52. Nxf5+ Ke4 53. Nd6+ Kf3 54. Nf5 Ra1+ 0-1


[Site "https://www.chess.com"]

[Event "Titled Tuesday Blitz January 10 Early 2023"]
[White "Bychkov, Vladimir"]
[Black "Danielyan, Vahe"]
[WhiteFideId "24151513"]
[BlackFideId "13304828"]
[WhiteElo "2197"]
[BlackElo "2423"]
[Result "0-1"]
[Round "04"]
[TimeControl "180+1"]
[Date "2023.01.10"]
[WhiteClock "0:00:13"]
[BlackClock "0:00:56"]

1. d4 d5 2. c4 e6 3. Nc3 c5 4. cxd5 cxd4 5. Qa4+ Bd7 6. Qxd4 exd5 7. Qxd5 Nc6 8. Nf3 Nf6 9. Qd1 Bc5 10. e3 Qe7 11. Bd3 O-O-O 12. Qe2 Nb4 13. Bb1 Kb8 14. O-O g5 15. a3 Nc6 16. b4 Bd6 17. b5 Ne5 18. Bb2 g4 19. Nd4 Rhg8 20. Bf5 Nf3+ 21. Nxf3 gxf3 22. Qxf3 Qe5 23. g3 Bxf5 24. Na4 Qe4 25. Qxe4 Nxe4 26. Rfd1 Nc5 27. Nxc5 Bxc5 28. Be5+ Kc8 29. Rdc1 b6 30. a4 Rd5 31. Bf4 Rgd8 32. a5 Bg4 33. axb6 axb6 34. h3 Rd1+ 35. Kh2 Rxc1 36. Rxc1 Bf3 37. g4 Rd1 38. Rc3 Kd7 39. Kg3 Bd5 40. f3 Rb1 41. e4 Be6 42. Rd3+ Kc8 43. Bd2 Rxb5 44. f4 Rb2 45. f5 Bc4 46. Rc3 Rxd2 47. Rxc4 Kc7 48. g5 Kd6 49. Kf4 b5 50. e5+ Kd5 51. Rc1 b4 52. e6 fxe6 53. g6 hxg6 54. fxg6 b3 55. Kf3 b2 56. Rb1 Bd4 57. h4 Rc2 58. h5 Rc1 59. Rxb2 Bxb2 60. h6 Rg1 61. g7 Bxg7 0-1


[Site "https://www.chess.com"]